 Dungeon Crawl Stone Soup version 0.31.0-1-g2c135a0 (webtiles) character file.

Game seed: 1545913770096693498

19738516 Wizard1ke the Oni Mishap (level 27, 419/419 HPs)
             Began as an Oni Brigand on Jan 30, 2024.
             Was an Initiate of Qazlal.
             Escaped with the Orb
             ... and 15 runes!
             The game lasted 03:57:21 (77288 turns).

Wizard1ke the Oni Mishap (Oni Brigand)             Turns: 77288, Time: 03:57:21

Health: 419/419    AC: 44    Str: 28    XL:     27
Magic:  42/45      EV: 24    Int: 11    God:    Qazlal [......]
Gold:   8725       SH:  0    Dex: 16    Spells: 55/72 levels left

rFire   + + +        U - +10 dark maul {heavy}
rCold   + + .        (shield currently unavailable)
rNeg    + + .        (body armour currently unavailable)
rPois   ∞            E - +3 hat of Kottayko {Rampage rF+ rN+}
rElec   +            u - +2 cloak {rCorr}
rCorr   +            (gloves unavailable)
SInv    .            (boots unavailable)
Will    +++..        V - amulet "Omopre" {Harm rC++ Regen+}
Stlth   +            O - ring of the Mage {Wiz Archmagi}
HPRegen 1.69/turn    X - ring of the Crown {+Blink Fly rF+ Will+}
MPRegen 0.29/turn

%: harm (+30% outgoing, +20% incoming), clarity, rampage, wizardry (x1),
archmagi
@: statue-form, flying, studying 2 skills, very slow
A: slow and powerful, torment resistance 1, boosted hp, large, unfitting armour,
horns 2, (tough skin 1), double potion healing, drunken brawling, hooves 1,
agile 1, clarity, fire resistance 1, low MP 1, weak 1, inability to read after
injury 1, MP-powered wands
0: Orb of Zot
}: 15/15 runes: serpentine, barnacled, slimy, silver, golden, iron, obsidian,
icy, bone, abyssal, demonic, glowing, magical, fiery, dark
a: Begin Untransformation, Renounce Religion, Evoke Blink


You escaped.
You worshipped Qazlal.
Qazlal was noncommittal.
You were a living statue of rough stone.
You visited 18 branches of the dungeon, and saw 88 of its levels.
You visited Pandemonium 1 time, and saw 12 of its levels.
You visited the Abyss 1 time.
You also visited: Trove, Bailey, Gauntlet, Ice Cave and Volcano.

You collected 14247 gold pieces.
You spent 5522 gold pieces at shops.

Inventory:

Hand Weapons
 U - the +10 dark maul (weapon) {heavy}
   (You took it off a hell knight on level 2 of the Depths)
Missiles
 c - 5 curare-tipped darts
 k - a throwing net
 y - 65 boomerangs
 T - 30 javelins
 W - 10 silver javelins
Armour
 a - the +1 cloak of Responsibility {Str+3}
   (You found it on level 7 of Cocytus)

   Str+3:     It affects your strength (+3).
 u - a +2 cloak of preservation (worn)
 E - the +3 hat of Kottayko (worn) {Rampage rF+ rN+}
   (You found it on level 4 of the Lair of Beasts)

   rF+:       It protects you from fire.
   rN+:       It protects you from negative energy.
   Rampage:   It bestows one free step when moving towards enemies.
Jewellery
 b - the amulet "Tycopagaut" {rF+ rC+ Regen+ MP+9}
   (You found it on level 5 of the Vaults)

   [amulet of regeneration]

   rF+:       It protects you from fire.
   rC+:       It protects you from cold.
   MP+9:      It affects your magic capacity (+9).
   Regen+:    It increases your rate of health regeneration.
 l - an amulet of magic regeneration
 z - the ring "Jinaquc" {rF+ Will+ Dex+3}
   (You took it off a deep elf demonologist on level 3 of the Elven Halls)

   [ring of willpower]

   Dex+3:     It affects your dexterity (+3).
   rF+:       It protects you from fire.
   Will+:     It increases your willpower.
 O - the ring of the Mage (left fist) {Wiz Archmagi}
   (You acquired it on level 5 of the Vaults)

   [ring of wizardry]

   Wiz:       It improves your spell success rate.
   Archmagi:  It increases the power of your magical spells.
 V - the amulet "Omopre" (around neck) {Harm rC++ Regen+}
   (You took it off a fire giant on level 2 of the Depths)

   [amulet of regeneration]

   rC++:      It greatly protects you from cold.
   Regen+:    It increases your rate of health regeneration.
   Harm:      It increases damage dealt and taken.
 X - the ring of the Crown (right fist) {+Blink Fly rF+ Will+}
   (You bought it in a shop on level 2 of the Depths)

   [ring of willpower]

   rF+:       It protects you from fire.
   Will+:     It increases your willpower.
   Fly:       It grants you flight.
   +Blink:    It lets you blink.
Talismans
 t - a granite talisman (active)
Wands
 j - a wand of mindburst (68)
 I - a wand of quicksilver (32)
 K - a wand of digging (31)
 Q - a wand of charming (83)
 Z - a wand of iceblast (63)
Scrolls
 d - 6 scrolls of revelation
 e - a scroll of brand weapon
 f - 8 scrolls of fog
 g - 8 scrolls of teleportation
 h - 13 scrolls of immolation
 m - 5 scrolls of blinking
 n - 8 scrolls of silence {!r}
 o - 11 scrolls of fear
 p - 14 scrolls of poison
 q - 12 scrolls of vulnerability
 r - 2 scrolls of butterflies
 F - a scroll of enchant weapon
Potions
 s - 13 potions of magic
 v - 4 potions of haste
 x - 4 potions of resistance
 B - 4 potions of attraction
 C - 5 potions of cancellation
 D - 13 potions of heal wounds
 G - 27 potions of curing
 H - 10 potions of enlightenment
 M - 14 potions of lignification
 N - 13 potions of might
 P - 8 potions of mutation
 R - 2 potions of brilliance
 S - 5 potions of berserk rage {!q}
 Y - 3 potions of ambrosia
Miscellaneous
 i - a phial of floods
 w - a sack of spiders
 A - a lightning rod (4/4)
 J - a figurine of a ziggurat
 L - a phantom mirror


   Skills:
 O Level 27 Fighting
 - Level 1.7 Short Blades
 O Level 27 Maces & Flails
 - Level 13.5 Throwing
 + Level 26.4 Dodging
 - Level 2.9 Stealth
 - Level 23.0 Spellcasting
 - Level 20.0 Translocations
 O Level 27 Invocations
 - Level 6.0 Evocations
 - Level 25.0 Shapeshifting


You had 55 spell levels left.
You knew the following spells:

 Your Spells              Type           Power      Damage    Failure   Level
a - Apportation           Tloc           100%       N/A       0%          1
b - Manifold Assault      Tloc           71%        N/A       0%          4
c - Blink                 Tloc           100%       N/A       0%          2
d - Dimensional Bullseye  Hex/Tloc       25%        N/A       1%          4
e - Dispersal             Tloc           35%        N/A       1%          6

Your spell library contained the following spells:

 Spells                   Type           Power      Damage    Failure   Level
 Lesser Beckoning         Tloc           100%       N/A       0%          2
 Gell's Gravitas          Tloc           71%        N/A       0%          3
 Teleport Other           Tloc           71%        N/A       0%          3
 Passage of Golubria      Tloc           71%        N/A       0%          4
 Freeze                   Ice            72%        1d8       1%          1
 Kiss of Death            Conj/Necr      72%        2d10      1%          1
 Magic Dart               Conj           72%        1d6       1%          1
 Necrotise                Necr           72%        1d7       1%          1
 Sandblast                Erth           36%        2d10      1%          1
 Shock                    Conj/Air       72%        1d7       1%          1
 Sting                    Conj/Alch      72%        1d7       1%          1
 Summon Small Mammal      Summ           72%        N/A       1%          1
 Call Imp                 Summ           36%        N/A       1%          2
 Cigotuvi's Dreadful Rot  Necr/Alch/Air  36%        N/A       1%          2
 Ensorcelled Hibernation  Hex/Ice        36%        N/A       1%          2
 Jinxbite                 Hex            36%        N/A       1%          2
 Momentum Strike          Conj/Tloc      100%       3d10      1%          2
 Scorch                   Fire           36%        2d6       1%          2
 Searing Ray              Conj           36%        2d5       1%          2
 Static Discharge         Conj/Air       36%        3-5/arc   1%          2
 Iskenderun's Mystic Bla  Conj/Tloc      51%        2d11      1%          4
 Vhi's Electric Charge    Tloc/Air       100%       N/A       1%          4
 Summon Forest            Summ/Tloc      25%        N/A       1%          5
 Disjunction              Tloc           35%        N/A       2%          8
 Call Canine Familiar     Summ           18%        N/A       4%          3
 Confusing Touch          Hex            18%        N/A       4%          3
 Dazzling Flash           Conj/Hex       36%        N/A       4%          3
 Frozen Ramparts          Ice            36%        1d6       4%          3
 Fugue of the Fallen      Necr           18%        N/A       4%          3
 Hailstorm                Conj/Ice       18%        3d7       4%          3
 Inner Flame              Hex/Fire       18%        N/A       4%          3
 Mephitic Cloud           Conj/Alch/Air  18%        N/A       4%          3
 Ozocubu's Armour         Ice            18%        N/A       4%          3
 Passwall                 Erth           18%        N/A       4%          3
 Sigil of Binding         Hex            18%        N/A       4%          3
 Stone Arrow              Conj/Erth      36%        3d9       4%          3
 Summon Ice Beast         Ice/Summ       18%        N/A       4%          3
 Swiftness                Air            18%        N/A       4%          3
 Tukima's Dance           Hex            18%        N/A       4%          3
 Airstrike                Air            9%         2d(2-18)  13%         4
 Anguish                  Hex/Necr       9%         N/A       13%         4
 Animate Armour           Summ/Erth      36%        N/A       13%         4
 Animate Dead             Necr           18%        N/A       13%         4
 Brom's Barrelling Bould  Conj/Erth      18%        2d4       13%         4
 Cause Fear               Hex            9%         N/A       13%         4
 Dispel Undead            Necr           18%        3d11      13%         4
 Flame Wave               Conj/Fire      18%        2d7       13%         4
 Fulminant Prism          Conj/Alch      9%         3d7       13%         4
 Ignite Poison            Fire/Alch      18%        N/A       13%         4
 Leda's Liquefaction      Alch/Erth      9%         N/A       13%         4
 Martyr's Knell           Necr/Summ      18%        N/A       13%         4
 Petrify                  Alch/Erth      18%        N/A       13%         4
 Sticky Flame             Fire/Alch      18%        2d6       13%         4
 Summon Blazeheart Golem  Fire/Summ      18%        N/A       13%         4
 Summon Lightning Spire   Summ/Air       18%        N/A       13%         4
 Malign Gateway           Summ/Tloc      25%        N/A       19%         7
 Alistair's Intoxication  Alch           12%        N/A       34%         5
 Arcjolt                  Conj/Air       9%         1d19      34%         5
 Borgnjor's Vile Clutch   Necr/Erth      9%         N/A       34%         5
 Curse of Agony           Necr           18%        N/A       34%         5
 Fireball                 Conj/Fire      9%         3d6       34%         5
 Freezing Cloud           Conj/Ice/Air   9%         6-21      34%         5
 Irradiate                Conj/Alch      9%         3d14      34%         5
 Iskenderun's Battlesphe  Conj           18%        2d7       34%         5
 Metabolic Englaciation   Hex/Ice        9%         N/A       34%         5
 Silence                  Hex/Air        9%         N/A       34%         5
 Summon Mana Viper        Hex/Summ       18%        N/A       34%         5
 Conjure Ball Lightning   Conj/Air       9%         3x3d6     87%         6
 Death Channel            Necr           9%         N/A       87%         6
 Eringya's Noxious Bog    Alch           9%         4d6       87%         6
 Plasma Beam              Fire/Air       9%         2x1d19    87%         6
 Sculpt Simulacrum        Ice/Alch       9%         N/A       87%         6
 Starburst                Conj/Fire      9%         6d5       87%         6
 Summon Cactus Giant      Summ           9%         N/A       87%         6
 Haunt                    Necr/Summ      9%         N/A       100%        7
 Monstrous Menagerie      Summ           9%         N/A       100%        7
 Orb of Destruction       Conj           9%         9d6       100%        7
 Spellforged Servitor     Conj/Summ      9%         N/A       100%        7
 Summon Hydra             Summ           9%         N/A       100%        7
 Ignition                 Fire           9%         3d5       100%        8
 Infestation              Necr           9%         N/A       100%        8
 Chain Lightning          Conj/Air       9%         3d12      100%        9
 Dragon's Call            Summ           9%         N/A       100%        9
 Polar Vortex             Ice            9%         12d1*     100%        9
 Shatter                  Erth           9%         3d11*     100%        9
 Sublimation of Blood     Necr           Unusable   N/A       N/A         2

Dungeon Overview and Level Annotations

Branches:
Dungeon (15/15)            Temple (1/1) D:4            Lair (5/5) D:11
 Shoals (4/4) Lair:2        Snake (4/4) Lair:2        Slime (5/5) Lair:5
    Orc (2/2) D:9             Elf (3/3) Orc:2        Vaults (5/5) D:14
  Crypt (3/3) Vaults:2       Tomb (3/3) Crypt:3      Depths (4/4) D:15
   Hell (visited)             Dis (7/7) Hell            Geh (7/7) Hell
    Coc (7/7) Hell            Tar (7/7) Hell            Zot (5/5) Depths:4
 Bailey (visited)           IceCv (visited)         Volcano (visited)
Gauntlet (visited)

Altars:
Ashenzari
Cheibriados
Dithmenos
Elyvilon
Fedhas
Gozag
Hepliaklqana
Kikubaaqudgha
Makhleb
Nemelex Xobeh
Okawaru
Qazlal
Ru
Sif Muna
Trog
Uskayaw
Vehumet
Wu Jian
Xom
Yredelemnul
Zin
The Shining One
Lugonu

Shops:
Orc:2 =[[!   Elf:1 (   Shoals:3 !?=?[   Snake:3 :=[=   Snake:4 !:   Vaults:4 =
Vaults:5 :   Depths:2 ((=?(

Portals:
Hell: Depths:1 Depths:2 Depths:3 Depths:4
Abyss: Depths:1 Depths:3
Pandemonium: Depths:1 Depths:2 Depths:3
Ziggurat: Depths:2

Annotations:
D:5 Grinder
D:9 exclusions: oklob plant and oklob sapling
Lair:4 1 runed translucent door, exclusion: door, Tunlugh's ghost, adept GrEE
Lair:5 exclusion: 3 doors
Shoals:3 1 runed translucent door, Tang's ghost, adept TeAE
Snake:2 5 runed translucent doors, exclusion: 5 doors
Vaults:4 3 runed translucent doors, exclusion: 3 doors, Ugguttuj's ghost, veteran DrWn
Vaults:5 !vaults warning
Depths:2 3 runed translucent doors, 2 transporters
Zot:1 1 transporter
Zot:5 4 transporters


Innate Abilities, Weirdness & Mutations

You are a living statue of rough stone.
Your actions are slow, but your melee attacks are powerful.
You are resistant to unholy torment.
Your maximum health is greatly increased.
Your equipment is partially melded.
You are too large for most types of armour.
You are immune to poison.
You have a pair of horns on your head.
((You have tough skin. (AC +1)))
You gain doubled healing and magic from potions.
Whenever you drink a healing potion, you attack all around you.
You have large cloven feet.
You are agile. (Dex +4, Str/Int -1)
You possess an exceptional clarity of mind.
Your flesh is heat resistant. (rF+)
Your magical capacity is low. (-10% MP)
You are weak. (Str -2)
You occasionally lose the ability to read scrolls when taking damage.
You expend magic power (3 MP) to strengthen your wands.


Message History

The sixfirhy hits you but does no damage.
The sixfirhy closely misses you. The sixfirhy hits you.
The sixfirhy shocks you. You resist.
You feel a surge of power!
Space momentarily warps into an impossible shape!
You hammer the sixfirhy like a gong!!!!
You kill the sixfirhy!
Qazlal accepts your kill.
(D) Dungeon (T) Temple (L) Lair (A) Shoals (P) Snake Pit (M) Slime Pits (O) Orcish Mines (E) Elven Halls (V) Vaults (C) Crypt (W) Tomb (U) Depths (H) Hell (I) Dis (G) Gehenna (X) Cocytus (Y) Tartarus (Z) Zot
Where to? (Tab/Enter - D:1 @ (x,y), ? - help) HP restored.
There is a stone staircase leading up here.
You fly upwards.
There is a stone staircase leading down here.
Magic restored.
There is a stone staircase leading up here.
You fly upwards.
There is a stone staircase leading down here.
There is an open door here.
A red devil comes into view. It is wielding a +0 trident.
The red devil moves out of view.
You feel a surge of power!
Space momentarily warps into an impossible shape!
You bludgeon the red devil!!
You kill the red devil!
Qazlal accepts your kill.
Blink to where?
Press: ? - help, Dir - move target
As you read the scroll of blinking, it crumbles to dust.
You have escaped!

##### ######.8.######
###.............###
###.................####
###.'.................'..#
##...#.....)...........##.#
#..#####.............####.#
###.## ###.........### #.#
#...# ###.....### #.###
#.### ###.........###
#...##


There were no monsters in sight!

Vanquished Creatures
  Cerebov (Pan)
  Antaeus (Coc:7)
  Asmodeus (Geh:7)
  Ereshkigal (Tar:7)
  the Royal Jelly (Slime:5)
  Mnoleg (Pan)
  Gloorx Vloq (Pan)
  the Serpent of Hell (Geh:7)
  Lom Lobon (Pan)
  3 dread liches
  Dispater (Dis:7)
  8 ancient liches
  Mara (Depths:3)
  6 orbs of fire
  Mennas (Tomb:1)
  15 juggernauts
  12 royal mummies
  Vv (Crypt:1)
  9 shard shrikes
  2 Killer Klowns (Zot:5)
  Margery (Crypt:1)
  8 pandemonium lords
  Geryon (Hell)
  3 curse toes
  22 caustic shrikes
  10 golden dragons
  6 profane servitors
  the Enchantress (Depths:3)
  Jory (Crypt:3)
  9 bone dragons
  9 Brimstone Fiends
  12 Tzitzimimeh
  8 doom hounds
  4 electric golems
  8 hellephants
  Zenata (Vaults:4)
  10 iron giants (Dis:7)
  17 Hell Sentinels
  14 tentacled monstrosities
  12 liches
  7 tainted leviathans
  20 Ice Fiends
  Jorgrun (D:13)
  A walking divine tome (Depths:4)
  26 Orb Guardians
  9 sphinxes
  5 deep elf blademasters
  22 titans
  27 searing wretches
  3 quicksilver dragons (Vaults:5)
  3 deep elf master archers (Elf:3)
  Murray (Depths:1)
  A tentacled starspawn (Abyss:3)
  Agnes (D:15)
  5 death cobs
  3 krakens
  18 acid blobs
  20 Executioners
  Aizul (Vaults:2)
  Roxanne (D:15)
  Donald (Vaults:2)
  25 ancient champions
  12 storm dragons
  10 rockslimes
  10 tengu reavers
  17 shadow dragons
  6 protean progenitors
  Ilsuiw (Shoals:2)
  2 fenstrider witches (Pan)
  10 demonspawn warmongers
  6 draconian knights
  3 revenants
  Kirke (Shoals:1)
  17 azure jellies
  An iron dragon (Vaults:5)
  18 narguns
  23 frost giants
  5 deep elf sorcerers
  3 nagarajas
  2 draconian shifters
  A draconian monk (Depths:4)
  18 fire giants
  7 quicksilver elementals
  31 balrugs
  9 ghost moths
  3 spectral caustic shrikes
  4 curse skulls
  15 vault wardens
  An emperor scorpion (Depths:3)
  A draconian scorcher (Zot:5)
  A caustic shrike zombie (Hell)
  2 draconian stormcallers
  6 shard shrike simulacra
  25 cacodemons
  15 reapers
  10 very ugly things
  4 quicksilver oozes
  4 orc warlords
  5 ghouls (Crypt:3)
  7 spriggan defenders
  5 formless jellyfish
  24 stone giants
  6 draconian annihilators
  19 ironbound preservers
  5 ironbound thunderhulks
  A juggernaut skeleton (Pan)
  11 demonspawn black suns (Pan)
  7 demonspawn corrupters
  8 green draconians
  10 deep elf demonologists
  10 caustic shrike skeletons
  18 vampire knights
  20 elemental wellsprings
  6 demonspawn blood saints (Pan)
  10 deep elf death magi
  16 putrid mouths
  6 black draconians
  A minotaur (Gauntlet)
  10 bennus
  6 deep elf annihilators
  7 lorocyprocas
  5 yellow draconians
  22 war gargoyles
  10 dire elephants
  4 red draconians
  4 spark wasps
  A white draconian (Zot:4)
  5 purple draconians
  15 wendigos
  9 eidola
  11 blizzard demons
  A spectral elf (Tar:1)
  Snorg (D:11)
  A crystal guardian (Hell)
  23 mummy priests
  A spectral iron giant (Tar:7)
  A merfolk javelineer (Shoals:1)
  14 iron golems
  7 ettins
  5 fire dragons
  8 yaktaur captains
  11 deep elf high priests
  13 green deaths
  11 jiangshi
  10 merfolk impalers
  Josephine (D:11)
  15 great orbs of eyes
  7 ice dragons
  3 spectral spriggans
  2 hell beasts
  5 spriggan zombies
  13 hydras
  A quicksilver dragon skeleton (Tomb:2)
  14 salamander tyrants
  5 juggernaut simulacra
  33 vault guards
  7 jorogumos (Pan)
  Erolcha (D:13)
  8 rakshasas
  11 caustic shrike simulacra
  A spectral shadow dragon (Tar:1)
  A catoblepas (D:15)
  9 spriggan air magi
  An alligator snapping turtle (Shoals:4)
  10 ironbound frosthearts
  5 merfolk avatars
  2 spriggan skeletons
  An anaconda (shapeshifter) (Depths:4)
  2 peacekeepers
  2 ogre magi (Vaults:5)
  2 merfolk aquamancers
  An alligator (Lair:4)
  6 two-headed ogres
  9 centaur warriors
  5 death knights
  A fenstrider witch skeleton (Crypt:2)
  43 death scarabs
  13 tengu warriors
  11 stokers
  71 dancing weapons
  6 anacondas
  12 boulder beetles
  15 death yaks
  9 shock serpents
  27 hell hogs
  An orc high priest (Orc:1)
  12 spriggan berserkers
  3 satyrs
  8 deep troll shamans
  16 naga sharpshooters
  3 demonic crawlers (Pan)
  16 naga warriors
  An azure jelly zombie (Crypt:3)
  16 vampire magi
  2 spectral nagas
  30 soul eaters
  A thrashing horror (Abyss:3)
  10 deep troll earth magi
  21 hell knights
  An emperor scorpion zombie (Crypt:2)
  4 storm dragon zombies
  A bunyip zombie (Crypt:2)
  37 sun demons
  6 skysharks
  A wretched star (Abyss:3)
  23 deep elf knights
  6 crystal echidnas
  2 hellephant skeletons (Pan)
  11 iron trolls
  2 goliath frogs (Lair:4)
  3 salamander mystics
  A skyshark (shapeshifter) (Vaults:5)
  A spectral minotaur (Tar:1)
  12 shadow wraiths
  2 mana vipers (shapeshifter)
  A deep troll (shapeshifter) (Vaults:5)
  16 mana vipers
  6 spriggan druids (Depths:3)
  A sea snake (shapeshifter) (Depths:2)
  20 sixfirhies
  13 skeletal warriors
  12 sea snakes
  A spectral anaconda (Tar:2)
  8 sun moths (Pan)
  A spectral hydra (Tar:2)
  21 deep elf archers
  8 glowing orange brains
  An anaconda zombie (Crypt:2)
  6 quicksilver dragon simulacra
  2 bog bodies (Crypt:3)
  12 flayed ghosts
  53 deep trolls
  4 golden dragon zombies (Crypt:3)
  13 shadow demons
  7 arcanists
  13 lindwurms
  6 naga ritualists
  An anaconda skeleton (Tomb:1)
  21 ironbound convokers
  13 spriggan simulacra
  20 deep elf zephyrmancers
  16 phantasmal warriors
  3 starcursed masses (Abyss:3)
  A kraken simulacrum (Coc:7)
  9 necromancers
  6 orange crystal statues
  36 harpies
  A fenstrider witch simulacrum (Crypt:2)
  14 orc knights
  2 oklob plants
  30 deep elf pyromancers
  A shining eye (shapeshifter) (Vaults:5)
  A human zombie (Vaults:1)
  A will-o-the-wisp (Abyss:3)
  Maurice (D:11)
  20 moths of wrath
  9 shining eyes
  17 salamanders
  7 cyclopes
  16 manticores
  19 fauns
  An orc sorcerer (Elf:3)
  2 spectral centaurs
  A manticore (shapeshifter) (Vaults:5)
  A meliai (shapeshifter) (Elf:2)
  15 ugly things
  5 frost giant skeletons (Geh:3)
  5 kobold blastminers
  13 naga magi
  3 rust devils (Pan)
  6 stone giant skeletons
  15 merfolk sirens
  8 guardian serpents
  A guardian serpent (shapeshifter) (D:15)
  14 vault sentinels
  5 titan simulacra
  27 smoke demons
  An elf zombie (Vaults:3)
  A fire giant skeleton (Vaults:3)
  A torpor snail (Lair:1)
  A water nymph (shapeshifter) (Depths:1)
  16 large abominations
  7 orange demons
  A dire elephant zombie (Crypt:3)
  9 elephants
  2 naga skeletons
  9 water nymphs
  4 molten gargoyles (Geh:7)
  2 gargoyles (D:13)
  12 cane toads
  33 black mambas
  A storm dragon simulacrum (Coc:1)
  2 kobold demonologists
  25 yaktaurs
  2 unseen horrors
  A green draconian zombie (Crypt:3)
  A rime drake (Lair:5)
  A dire elephant skeleton (Crypt:3)
  A cane toad (shapeshifter) (D:14)
  13 komodo dragons
  4 tengu conjurers
  5 efreet
  24 hellions
  2 swamp worm zombies
  10 tormentors
  5 anaconda simulacra
  A silent spectre (Tar:1)
  3 bunyip simulacra
  A redback zombie (Crypt:2)
  Psyche (D:11)
  2 ancient zymes (Abyss:3)
  44 guardian mummies
  2 ice devils
  13 freezing wraiths
  3 red devils
  2 iron troll zombies
  2 alligator snapping turtle skeletons
  3 spectral harpies
  3 polar bears
  4 tyrant leeches
  3 iron giant simulacra
  A polar bear (shapeshifter) (D:15)
  2 golden dragon simulacra
  A queen bee (Gauntlet)
  3 harpy zombies
  A queen bee (shapeshifter) (Vaults:5)
  4 trolls
  A wolf spider simulacrum (D:14)
  A wind drake (shapeshifter) (Vaults:5)
  6 glass eyes
  18 hellwings (Pan)
  29 merfolk
  A shadow dragon simulacrum (Hell)
  16 wind drakes
  4 alligator simulacra (IceCv)
  A dream sheep (shapeshifter) (Vaults:5)
  An iron dragon simulacrum (Coc:6)
  15 raiju
  19 hornets
  6 stone giant simulacra
  An ettin zombie (Vaults:3)
  4 dream sheep (Shoals:3)
  100 slime creatures
  11 snapping turtles
  A jumping spider (shapeshifter) (D:13)
  A deep troll skeleton (Vaults:3)
  4 air elementals
  49 spriggans
  4 centaur simulacra
  11 ynoxinuls (Pan)
  7 dire elephant simulacra
  2 ettin skeletons (Crypt:2)
  19 shadows
  9 wraiths
  20 vampires
  34 water elementals
  7 basilisks
  33 small abominations (Abyss:3)
  A black mamba zombie (Crypt:2)
  7 ushabtiu
  4 wyverns
  4 fire bats (Volcano)
  8 golden eyes
  3 hogs (Shoals:1)
  5 steam dragons
  62 yaks
  4 fire elementals
  11 neqoxecs
  6 wargs
  4 vampire mosquitoes
  2 alligator snapping turtle simulacra
  11 chaos spawn
  A deep troll zombie (Crypt:3)
  34 nagas
  16 harpy simulacra
  2 acid dragons (Gauntlet)
  3 swamp worms (Lair:4)
  3 hydra simulacra
  5 hell hounds (Hell)
  A two-headed ogre skeleton (Crypt:2)
  15 water moccasins
  47 orc warriors
  5 sky beasts
  11 ettin simulacra
  A swamp drake (Lair:4)
  3 ice beasts
  26 laughing skulls
  An elf simulacrum (Vaults:1)
  3 black bears
  9 ogres
  20 wolves
  A snapping turtle skeleton (Crypt:3)
  24 centaurs
  A swamp dragon skeleton (Hell)
  A phantom (D:5)
  2 kobold brigands
  3 weeping skulls (Abyss:3)
  A yaktaur zombie (Crypt:3)
  A brain worm (Pan)
  A wyvern zombie (Crypt:3)
  15 bullfrogs
  5 scorpions
  4 naga simulacra
  2 glowing shapeshifter simulacra
  An earth elemental (Elf:3)
  5 wights
  14 killer bees
  A lindwurm simulacrum (IceCv)
  8 howler monkeys
  A yak skeleton (Crypt:1)
  2 crimson imps (Gauntlet)
  4 bombardier beetles
  8 lava snakes
  3 hounds
  A centaur skeleton (Crypt:1)
  15 orc priests
  4 jellies
  8 iguanas
  22 orc wizards
  5 hell rats (Lair:2)
  A killer bee zombie (Crypt:1)
  3 naga zombies
  An ogre skeleton (Crypt:1)
  52 mummies
  11 adders
  A shadow imp (D:7)
  6 white imps
  2 ufetubi (D:6)
  A lava snake zombie (Crypt:2)
  An adder skeleton (Crypt:1)
  3 ribbon worms
  3 dart slugs
  95 orcs
  14 ball pythons
  7 endoplasms
  2 giant cockroaches
  10 goblins
  6 hobgoblins
  9 jackals
  3 quokkas
  A bat (D:1)
  A frilled lizard (D:1)
  A goblin skeleton (Crypt:2)
  8 kobolds
  An orc skeleton (Crypt:2)
  An orc zombie (Crypt:3)
  4 rats
  6 aspiring fleshes
  7 creeping infernos
  18 fire vortices
  4 tentacles
3911 creatures vanquished.

Vanquished Creatures (collateral kills)
  2 balrugs (Pan)
  A dancing weapon (Pan)
3 creatures vanquished.

Vanquished Creatures (others)
  2 eldritch tentacles (Pan)
  A centaur warrior (Vaults:4)
  A hell knight (Hell)
  A tormentor (Pan)
  An air elemental (Elf:1)
  A spriggan (Depths:4)
  A neqoxec (Pan)
  An orc warrior (Orc:2)
  A centaur (Orc:2)
  An orc wizard (Orc:2)
  2 orcs (Orc:2)
  A lurking horror (Abyss:3)
  2 starspawn tentacles (Abyss:3)
  14 tentacles
30 creatures vanquished.

Grand Total: 3944 creatures vanquished

Notes
Turn   | Place    | Note
-------+----------+-------------------------------------------
     0 | D:1      | Wizard1ke the Oni Brigand began the quest for the Orb.
     0 | D:1      | Reached XP level 1. HP: 22/22 MP: 1/1
   110 | D:1      | Reached XP level 2. HP: 31/31 MP: 2/2
   296 | D:1      | Reached XP level 3. HP: 29/40 MP: 3/3
   802 | D:2      | Reached skill level 5 in Fighting
   981 | D:2      | Reached XP level 4. HP: 50/50 MP: 4/4
  1209 | D:2      | Identified the +6 dagger "Wioducik" {speed, Str+5}
  1723 | D:3      | Found a hide-covered altar of Uskayaw.
  1725 | D:3      | Found a white marble altar of Elyvilon.
  1728 | D:3      | Found a shadowy altar of Dithmenos.
  1978 | D:3      | You fall into a shaft and drop 1 floor!
  2047 | D:4      | Found a shimmering blue altar of Sif Muna.
  2092 | D:4      | Noticed an ogre
  2114 | D:4      | Killed an ogre
  2115 | D:4      | Reached XP level 5. HP: 62/62 MP: 5/5
  2299 | D:4      | Reached XP level 6. HP: 69/72 MP: 6/6
  2440 | D:4      | Found a staircase to the Ecumenical Temple.
  2454 | Temple   | Entered the Ecumenical Temple
  2478 | Temple   | Became a worshipper of the Wu Jian Council
  2576 | D:4      | Found a radiant altar of Vehumet.
  2603 | D:4      | Identified the +12 dagger of Lakoeng {distort, rF+ MP+9
                  | Dex-3}
  3016 | D:4      | Found a blossoming altar of Fedhas.
  3072 | D:5      | Entered Level 5 of the Dungeon
  3072 | D:5      | Noticed an ice beast
  3323 | D:4      | Reached XP level 7. HP: 64/80 MP: 7/7
  3511 | D:5      | Reached skill level 5 in Throwing
  3511 | D:5      | Reached skill level 1 in Maces & Flails
  3942 | D:5      | Noticed Grinder
  4250 | D:5      | Reached * piety under Wu Jian
  4607 | D:6      | Noticed a steam dragon
  4619 | D:6      | Killed a steam dragon
  4620 | D:6      | Reached skill level 5 in Maces & Flails
  4620 | D:6      | Reached XP level 8. HP: 48/88 MP: 8/8
  5330 | D:6      | Found a snail-covered altar of Cheibriados.
  5814 | D:7      | Reached skill level 1 in Evocations
  5814 | D:7      | Reached XP level 9. HP: 66/97 MP: 9/9
  6187 | D:7      | Identified the +4 scale mail of Tulips {-Tele Rampage
                  | Regen+ Slay-3}
  7242 | D:7      | Reached skill level 10 in Fighting
  7899 | D:8      | Found a glowing golden altar of the Shining One.
  7909 | D:8      | Reached ** piety under Wu Jian
  8012 | D:8      | Reached skill level 1 in Dodging
  8086 | D:8      | Reached XP level 10. HP: 111/115 MP: 10/10
  8102 | D:8      | Noticed a manticore
  8108 | D:8      | Killed a manticore
  8689 | D:9      | Found a staircase to the Orcish Mines.
  9344 | D:9      | Noticed a kobold demonologist
  9356 | D:9      | Killed a kobold demonologist
  9610 | D:9      | Noticed a tengu warrior
  9621 | D:9      | HP: 5/118 [tengu warrior/+0 battleaxe (1)]
  9769 | D:9      | Killed a tengu warrior
  9769 | D:9      | Reached *** piety under Wu Jian
  9970 | D:9      | Reached XP level 11. HP: 105/127 MP: 11/11
 10201 | D:9      | Noticed an oklob plant
 10290 | D:9      | Noticed a two-headed ogre
 10369 | D:9      | Killed a two-headed ogre
 10608 | D:9      | Reached skill level 5 in Evocations
 10885 | D:10     | Entered Level 10 of the Dungeon
 10901 | D:10     | Found a flagged portal.
 10910 | Bailey   | Entered a bailey
 11108 | Bailey   | Noticed a two-headed ogre
 11123 | Bailey   | Killed a two-headed ogre
 11266 | Bailey   | Gained mutation: You have hidden genetic potential. [potion
                  | of mutation]
 11266 | Bailey   | Gained mutation: Your magical capacity is low. (-10% MP)
                  | [potion of mutation]
 11266 | Bailey   | Gained mutation: You are robust. (+10% HP) [potion of
                  | mutation]
 11307 | Bailey   | Identified the +0 lajatang of the Lurker {speed, *Rage rN+
                  | Int+4}
 12302 | D:9      | Reached **** piety under Wu Jian
 12544 | D:10     | Reached skill level 10 in Maces & Flails
 12866 | D:10     | Found a broken altar of Ashenzari.
 13026 | D:10     | Found a burning altar of Makhleb.
 13171 | D:11     | Noticed a two-headed ogre
 13177 | D:11     | Killed a two-headed ogre
 13321 | D:11     | Noticed a two-headed ogre
 13336 | D:11     | Killed a two-headed ogre
 13337 | D:11     | Reached XP level 12. HP: 154/154 MP: 10/10
 13366 | D:11     | Noticed a boulder beetle
 13374 | D:11     | Killed a boulder beetle
 13447 | D:11     | Noticed Maurice
 13458 | D:11     | Maurice stole the +12 dagger of Lakoeng {distort, rF+ MP+9
                  | Dex-3}
 13463 | D:11     | Maurice stole 11 boomerangs
 13469 | D:11     | Noticed Josephine
 13477 | D:11     | Killed Josephine
 13488 | D:11     | Something stole 288 gold
 13488 | D:11     | Something stole an amulet of magic regeneration
 13754 | D:11     | Reached skill level 15 in Fighting
 13820 | D:10     | Gained mutation: Your spells are a little harder to cast,
                  | but a little more powerful. [hidden potential]
 13924 | D:11     | Maurice stole 135 gold
 13926 | D:11     | Maurice stole 97 gold
 14431 | D:11     | Killed Maurice
 14504 | D:11     | Noticed Psyche
 14509 | D:11     | Killed Psyche
 14573 | D:11     | Found a staircase to the Lair.
 15067 | D:11     | Noticed Snorg
 15074 | D:11     | Killed Snorg
 15413 | Lair:1   | Entered Level 1 of the Lair of Beasts
 15544 | Lair:1   | Noticed a boulder beetle
 15554 | Lair:1   | Killed a boulder beetle
 15672 | Lair:1   | Reached skill level 10 in Throwing
 15702 | Lair:1   | Reached XP level 13. HP: 141/168 MP: 11/11
 15717 | Lair:1   | Found a dark tunnel.
 15727 | Volcano  | Entered a volcano
 16259 | Lair:1   | Gained mutation: You have a pair of horns on your head.
                  | [hidden potential]
 16259 | Lair:1   | Lost mutation: You have hidden genetic potential. [hidden
                  | potential expressed]
 16832 | Lair:1   | Found a hide-covered altar of Uskayaw.
 17597 | Lair:2   | Reached ***** piety under Wu Jian
 17847 | Lair:2   | Found a staircase to the Snake Pit.
 17935 | Lair:2   | Found a staircase to the Shoals.
 18676 | Lair:2   | Reached XP level 14. HP: 174/185 MP: 12/12
 18920 | Lair:3   | Found a gate leading to a gauntlet.
 18942 | Gauntlet | Entered a Gauntlet
 18942 | Gauntlet | Found a large runed translucent door.
 18942 | Gauntlet | Found a large runed translucent door.
 18942 | Gauntlet | Found a large runed translucent door.
 18942 | Gauntlet | Found a large runed translucent door.
 18942 | Gauntlet | Found a runed translucent door.
 18942 | Gauntlet | Found a large runed translucent door.
 18942 | Gauntlet | Found a large runed translucent door.
 18942 | Gauntlet | Found a transporter.
 18942 | Gauntlet | Found a transporter.
 18942 | Gauntlet | Found a large runed translucent door.
 18942 | Gauntlet | Found a large runed translucent door.
 18942 | Gauntlet | Found a runed translucent gate.
 18942 | Gauntlet | Found a runed translucent gate.
 18942 | Gauntlet | Found a transporter.
 18944 | Gauntlet | Found a transporter.
 18945 | Gauntlet | Found a runed translucent gate.
 18945 | Gauntlet | Found a runed translucent door.
 18946 | Gauntlet | Found a transporter.
 18951 | Gauntlet | Found a large runed translucent door.
 18951 | Gauntlet | Found a large runed translucent door.
 18952 | Gauntlet | Found a large runed translucent door.
 18953 | Gauntlet | Found a large runed translucent door.
 18959 | Gauntlet | Found a transporter.
 18959 | Gauntlet | Found a transporter.
 18992 | Gauntlet | Found a large runed translucent door.
 18992 | Gauntlet | Found a large runed translucent door.
 18993 | Gauntlet | Found a large runed translucent door.
 18994 | Gauntlet | Found a large runed translucent door.
 19023 | Gauntlet | Found a transporter.
 19033 | Gauntlet | Found a transporter.
 19048 | Gauntlet | Found a transporter.
 19061 | Gauntlet | Found a transporter.
 19076 | Gauntlet | Found a transporter.
 19180 | Gauntlet | Identified the +9 battleaxe "Eviscerator" {freeze, rPois}
 19369 | Gauntlet | Identified the staff of Dismay {+Blink rPois rN+ Ice
                  | Alchemy}
 19460 | Gauntlet | Got the Collected Works on Lithic Voltage
 20324 | Lair:4   | Found a runed translucent door.
 20326 | Lair:4   | Noticed Tunlugh's ghost (adept GrEE)
 21336 | Lair:4   | Reached skill level 15 in Maces & Flails
 21378 | Lair:4   | Identified the +3 hat of Kottayko {Rampage rF+ rN+}
 21468 | Lair:5   | Entered Level 5 of the Lair of Beasts
 21715 | Lair:5   | Found a staircase to the Slime Pits.
 22448 | D:12     | Reached XP level 15. HP: 201/201 MP: 13/13
 22485 | D:12     | Identified the +2 pair of gloves of the Swamp {rElec rC+}
 23155 | D:13     | Noticed Erolcha
 23161 | D:13     | Killed Erolcha
 23344 | D:13     | Noticed Jorgrun
 23352 | D:13     | Killed Jorgrun
 23375 | D:13     | Noticed Sonja
 23376 | D:13     | Sonja changed into Sonja the iguana
 23376 | D:13     | Noticed Sonja
 23380 | D:13     | Killed Sonja the iguana
 23433 | D:13     | Found a portal to a secret trove of treasure.
 23469 | Trove    | Entered a treasure trove
 24179 | Orc:1    | Entered Level 1 of the Orcish Mines
 24505 | Orc:1    | Noticed Erica
 24534 | Orc:1    | Erica changed into Erica the manticore
 24534 | Orc:1    | Noticed Erica
 24535 | Orc:1    | Killed Erica the manticore
 24607 | Orc:1    | Noticed an orc warlord
 24645 | Orc:1    | Killed an orc warlord
 24784 | Orc:2    | Entered Level 2 of the Orcish Mines
 24784 | Orc:2    | Found a staircase to the Elven Halls.
 24897 | Orc:2    | Noticed an orc warlord
 25558 | Orc:1    | Killed an orc warlord
 25681 | Orc:2    | Found Dien's Armour Boutique.
 25681 | Orc:2    | Found Kuot's Antique Armour Emporium.
 25683 | Orc:2    | Found Poezisu's Distillery.
 25685 | Orc:2    | Found Omue's Jewellery Shop.
 25694 | Orc:2    | Bought a potion of cancellation for 128 gold pieces
 25694 | Orc:2    | Bought a potion of enlightenment for 80 gold pieces
 25694 | Orc:2    | Bought a potion of magic for 128 gold pieces
 25694 | Orc:2    | Bought a potion of lignification for 48 gold pieces
 25694 | Orc:2    | Bought a potion of mutation for 128 gold pieces
 25694 | Orc:2    | Bought 2 potions of curing for 96 gold pieces
 26769 | D:14     | Found a broken altar of Ashenzari.
 26886 | D:14     | Found a gate to the Vaults.
 26951 | D:15     | Entered Level 15 of the Dungeon
 27142 | D:15     | Reached XP level 16. HP: 170/216 MP: 14/14
 27232 | D:15     | Noticed Roxanne
 27271 | D:15     | Noticed Agnes
 27287 | D:15     | Killed Agnes
 27288 | D:15     | Reached skill level 1 in Shapeshifting
 27719 | D:15     | Found a staircase to the Depths.
 27834 | D:15     | Killed Roxanne
 27835 | D:15     | Reached skill level 5 in Shapeshifting
 27988 | Snake:1  | Entered Level 1 of the Snake Pit
 27988 | Snake:1  | Noticed a nagaraja
 28014 | Snake:1  | Killed a nagaraja
 28267 | Snake:1  | Found a glacial archway.
 28319 | IceCv    | Entered an ice cave
 28696 | IceCv    | Identified the staff "Stringbean" {rF- Str+4 Conj}
 28946 | Snake:1  | Identified a scroll of acquirement
 28947 | Snake:1  | Acquired a manual of Shapeshifting
 29597 | Snake:2  | Reached skill level 10 in Shapeshifting
 29963 | Snake:2  | Found a huge runed translucent gate.
 29963 | Snake:2  | Found a huge runed translucent gate.
 29963 | Snake:2  | Found a huge runed translucent gate.
 29963 | Snake:2  | Found a huge runed translucent gate.
 29963 | Snake:2  | Found a huge runed translucent gate.
 29979 | Snake:2  | Reached XP level 17. HP: 119/225 MP: 15/15
 30611 | Snake:3  | Found Dienatijar's Jewellery Emporium.
 30780 | Snake:3  | Found a shadowy altar of Dithmenos.
 30887 | Snake:3  | Found Maahig's Jewellery Shop.
 31082 | Snake:3  | Found Qicusu's Armour Emporium.
 31123 | Snake:3  | Found Renes's Jewellery Shoppe.
 31168 | Snake:3  | Found Muheusk's Book Shoppe.
 31320 | Snake:3  | Reached skill level 15 in Shapeshifting
 31327 | Snake:3  | Identified the amulet of Vehumet's Condemnation {Reflect
                  | Rampage Will- Str+3 SH+5}
 31428 | Snake:4  | Entered Level 4 of the Snake Pit
 31799 | Snake:4  | Found Iherghik's Distillery.
 31825 | Snake:4  | Found Huimus's Book Shoppe.
 31827 | Snake:4  | Bought 2 potions of lignification for 78 gold pieces
 31827 | Snake:4  | Bought a potion of enlightenment for 65 gold pieces
 31827 | Snake:4  | Bought a potion of heal wounds for 65 gold pieces
 31827 | Snake:4  | Bought a potion of curing for 39 gold pieces
 31827 | Snake:4  | Bought a potion of enlightenment for 65 gold pieces
 31827 | Snake:4  | Bought a potion of haste for 130 gold pieces
 31827 | Snake:4  | Bought 2 potions of might for 104 gold pieces
 31827 | Snake:4  | Bought a potion of curing for 39 gold pieces
 31833 | Snake:4  | Bought a book of the Warp for 546 gold pieces
 31835 | Snake:4  | Learned a level 1 spell: Apportation
 31840 | Snake:4  | Learned a level 4 spell: Manifold Assault
 32286 | Snake:4  | Reached skill level 1 in Spellcasting
 32300 | Snake:4  | Reached skill level 1 in Translocations
 32408 | Snake:4  | Reached XP level 18. HP: 236/236 MP: 18/22
 32411 | Snake:4  | Reached ****** piety under Wu Jian
 32412 | Snake:4  | Reached skill level 5 in Spellcasting
 32486 | Snake:4  | Got a serpentine rune of Zot
 32761 | Shoals:1 | Entered Level 1 of the Shoals
 32830 | Shoals:1 | Reached skill level 5 in Translocations
 33093 | Shoals:1 | Noticed Kirke
 33103 | Shoals:1 | Killed Kirke
 34283 | Shoals:2 | Reached skill level 10 in Spellcasting
 34363 | Shoals:2 | Noticed Ilsuiw
 34389 | Shoals:2 | Killed Ilsuiw
 35252 | Shoals:3 | Found Plog's Magic Scroll Emporium.
 35254 | Shoals:3 | Identified the +1 plate armour of the Quiescent God {rN++
                  | Int-3}
 35260 | Shoals:3 | Bought a scroll of fear for 40 gold pieces
 35260 | Shoals:3 | Bought a scroll of butterflies for 40 gold pieces
 35260 | Shoals:3 | Bought a scroll of teleportation for 30 gold pieces
 35260 | Shoals:3 | Bought a scroll of poison for 40 gold pieces
 35280 | Shoals:3 | Found Posicec's Magic Scroll Shoppe.
 35287 | Shoals:3 | Reached XP level 19. HP: 245/245 MP: 26/31
 35309 | Shoals:3 | Bought a scroll of brand weapon for 171 gold pieces
 35313 | Shoals:3 | Acquired 914 gold pieces
 35318 | Shoals:3 | Bought a scroll of acquirement for 936 gold pieces
 35318 | Shoals:3 | Acquired 1038 gold pieces
 35333 | Shoals:3 | Found Enati's Armour Shoppe.
 35779 | Shoals:3 | Found a snail-covered altar of Cheibriados.
 35933 | Shoals:3 | Found Nickoss's Jewellery Boutique.
 35954 | Shoals:3 | Found a runed translucent door.
 35954 | Shoals:3 | Found a shimmering altar of Xom.
 35954 | Shoals:3 | Noticed Tang's ghost (adept TeAE)
 36110 | Shoals:3 | Found Maehaza's Distillery.
 36118 | Shoals:3 | Bought a potion of haste for 130 gold pieces
 36118 | Shoals:3 | Bought a potion of haste for 130 gold pieces
 36118 | Shoals:3 | Bought a potion of magic for 104 gold pieces
 36118 | Shoals:3 | Bought a potion of haste for 130 gold pieces
 36118 | Shoals:3 | Bought a potion of curing for 39 gold pieces
 36118 | Shoals:3 | Bought a potion of curing for 39 gold pieces
 36118 | Shoals:3 | Bought a potion of lignification for 39 gold pieces
 36118 | Shoals:3 | Bought a potion of magic for 104 gold pieces
 36261 | Shoals:4 | Entered Level 4 of the Shoals
 36311 | Shoals:4 | Paralysed by an air elemental for 1 turns
 36551 | Shoals:4 | Reached skill level 10 in Translocations
 36681 | Shoals:4 | Found a blossoming altar of Fedhas.
 36762 | Shoals:4 | Paralysed by an air elemental for 1 turns
 36959 | Shoals:4 | Got a barnacled rune of Zot
 36960 | Shoals:4 | Identified the +9 falchion of Toothy Valiance {vamp,
                  | Stlth+}
 37563 | Vaults:1 | Entered Level 1 of the Vaults
 38504 | Vaults:1 | Identified the ring of Jotuat {Fly rN+ Str+3 SInv}
 39115 | Vaults:2 | Reached XP level 20. HP: 257/257 MP: 18/34
 39207 | Vaults:2 | Noticed Donald
 39234 | Vaults:2 | Killed Donald
 39825 | Vaults:2 | Found a staircase to the Crypt.
 39825 | Vaults:2 | Found an ancient bone altar of Kikubaaqudgha.
 39825 | Vaults:2 | Found a basalt altar of Yredelemnul.
 40023 | Vaults:2 | Identified the serpent talisman of the Jolly Loafs {Fly rC+
                  | Int-2 Stlth+}
 40023 | Vaults:2 | Noticed Aizul
 40037 | Vaults:2 | Killed Aizul
 41560 | Vaults:3 | You fall into a shaft and drop 1 floor!
 41642 | Vaults:4 | Reached XP level 21. HP: 248/269 MP: 2/35
 41982 | Vaults:4 | Found Ziec's Jewellery Boutique.
 42020 | Vaults:4 | Noticed Zenata
 42026 | Vaults:4 | Killed Zenata
 42453 | Vaults:4 | Found a runed translucent gate.
 42453 | Vaults:4 | Found a runed translucent gate.
 42453 | Vaults:4 | Noticed Ugguttuj's ghost (veteran DrWn)
 42454 | Vaults:4 | Found a runed translucent gate.
 42476 | Vaults:4 | Noticed a golden dragon
 42795 | Vaults:3 | Reached skill level 15 in Spellcasting
 43362 | Elf:1    | Entered Level 1 of the Elven Halls
 43630 | Elf:1    | Found Simah's Weapon Shop.
 44463 | Elf:2    | Found a huge runed translucent gate.
 44463 | Elf:2    | Found a huge runed translucent gate.
 44463 | Elf:2    | Found a huge runed translucent gate.
 44467 | Elf:2    | Found a huge runed translucent gate.
 44472 | Elf:2    | Found a huge runed translucent gate.
 45173 | Elf:2    | Identified the blade talisman of the Saviour {Fly rPois rN+
                  | Dex-2}
 45319 | Elf:3    | Entered Level 3 of the Elven Halls
 45330 | Elf:3    | Reached XP level 22. HP: 279/279 MP: 25/42
 46613 | Elf:3    | Identified the +9 quarterstaff of Invincibility {flame,
                  | rElec}
 46613 | Elf:3    | Identified the +4 robe "Zuamaopn" {rN+ Dex+2 Stlth-}
 46613 | Elf:3    | Identified the ring "Jinaquc" {rF+ Will+ Dex+3}
 46941 | Elf:3    | Got the Quarto of the Final Queens
 46960 | Elf:3    | Identified the +8 short sword of Cononixzi {flame, Str+3}
 46965 | Elf:3    | Identified the +7 whip of Wyrd {venom, rPois rCorr Dex+3}
 47318 | Depths:1 | Entered Level 1 of the Depths
 47481 | D:15     | Learned a level 2 spell: Blink
 47486 | D:15     | Learned a level 4 spell: Dimensional Bullseye
 47493 | D:15     | Learned a level 6 spell: Dispersal
 47556 | Depths:1 | Found a one-way gate leading to the halls of Pandemonium.
 47617 | Depths:1 | Found a glowing golden altar of the Shining One.
 47617 | Depths:1 | Found a white marble altar of Elyvilon.
 47617 | Depths:1 | Found a glowing silver altar of Zin.
 47765 | Depths:1 | Found a corrupted altar of Lugonu.
 47765 | Depths:1 | Found a one-way gate to the infinite horrors of the Abyss.
 48019 | Depths:1 | Noticed a golden dragon
 48023 | Depths:1 | Killed a golden dragon
 48078 | Depths:1 | Identified the +2 trident "Ynemian" {heavy, ^Fragile rElec
                  | rN+}
 48250 | Depths:1 | Reached XP level 23. HP: 289/289 MP: 34/45
 48339 | Depths:1 | Noticed a juggernaut
 48352 | Depths:1 | Killed a juggernaut
 48474 | Depths:1 | Identified the +8 morningstar of Famine {drain, rC+ Str+3}
 48752 | Depths:1 | Got the Codex of Adjuration and the Chill
 48797 | Depths:1 | Found a gateway to Hell.
 49055 | Depths:2 | Found Vedacepeka's Jewellery Shoppe.
 49156 | Depths:2 | Found Woebun's Weapon Emporium.
 49160 | Depths:2 | Bought 3 silver javelins for 513 gold pieces
 49230 | Depths:2 | Found Miugeru's Magic Scroll Boutique.
 49237 | Depths:2 | Bought a scroll of fog for 60 gold pieces
 49237 | Depths:2 | Bought a scroll of immolation for 60 gold pieces
 49237 | Depths:2 | Bought a scroll of blinking for 112 gold pieces
 49352 | Depths:2 | Found a runed translucent gate.
 49352 | Depths:2 | Found a runed translucent gate.
 49352 | Depths:2 | Found a runed translucent gate.
 49447 | Depths:2 | Identified the amulet "Omopre" {Harm rC++ Regen+}
 49470 | Depths:2 | Noticed a juggernaut
 49477 | Depths:2 | Killed a juggernaut
 49517 | Depths:2 | Found a runed translucent gate.
 49517 | Depths:2 | Found a runed translucent gate.
 49517 | Depths:2 | Found a runed translucent gate.
 49523 | Depths:2 | Noticed a juggernaut
 49549 | Depths:2 | Found a sparkling altar of Nemelex Xobeh.
 49557 | Depths:2 | Identified the +0 leather armour of Daisies {^Contam +Blink
                  | Str+5 Int+4}
 49716 | Depths:2 | Found a transporter.
 49727 | Depths:2 | Found a one-way gateway to a ziggurat.
 49808 | Depths:2 | Found a transporter.
 49808 | Depths:2 | Found Bonnid's Weapon Shoppe.
 49833 | Depths:2 | Found Setsoem's Weapon Shoppe.
 50239 | Depths:2 | Killed a juggernaut
 50307 | Depths:2 | Acquired 464 gold pieces
 50392 | Depths:2 | Bought the ring of the Crown {+Blink Fly rF+ Will+} for 962
                  | gold pieces
 50739 | Depths:3 | Reached XP level 24. HP: 300/300 MP: 18/45
 50751 | Depths:3 | Noticed the Enchantress
 50902 | Depths:3 | Identified the staff of Istrejar {rElec Conj Summ}
 50942 | Depths:3 | Killed the Enchantress
 51166 | Depths:3 | Found a bloodstained altar of Trog.
 51202 | Depths:3 | Identified the +10 shortbow "Ojeshrino" {elec, rElec}
 51394 | Depths:3 | Noticed Mara
 51398 | Depths:3 | Killed Mara
 52050 | Depths:4 | Entered Level 4 of the Depths
 53082 | Depths:4 | Found a gate to the Realm of Zot.
 53448 | Vaults:5 | Entered Level 5 of the Vaults
 53553 | Vaults:5 | Reached XP level 25. HP: 310/310 MP: 23/45
 53602 | Vaults:5 | Found Kepas's Book Shoppe.
 53611 | Vaults:5 | Identified the +10 rapier of Pestilence {flame, rN+ Will+}
 53617 | Vaults:5 | Identified the ring "Adiat" {rCorr MP+9}
 54079 | Vaults:5 | Identified the +6 rapier "Ynuoq" {freeze, Stlth+}
 54138 | Vaults:5 | Got Quexigge's Guidebook on the Squall and Topomancy
 54153 | Vaults:5 | Identified the +2 falchion "Q" {elec, ^Fragile Will- Int+3
                  | Dex+3}
 54247 | Vaults:5 | Noticed an ancient lich
 54250 | Vaults:5 | Killed an ancient lich
 54385 | Vaults:5 | Got a silver rune of Zot
 54401 | Vaults:5 | Identified the amulet "Tycopagaut" {rF+ rC+ Regen+ MP+9}
 54493 | Vaults:5 | Acquired the ring of the Mage {Wiz Archmagi}
 54493 | Vaults:5 | Found the ring of the Mage {Wiz Archmagi}
 54814 | Vaults:5 | Identified the +0 leather armour of the Gusle {rElec Int+2
                  | Stlth+}
 55333 | Slime:1  | Entered Level 1 of the Pits of Slime
 55760 | Slime:4  | Gained mutation: You occasionally lose the ability to read
                  | scrolls when taking damage. [a shining eye]
 55804 | Slime:5  | Entered Level 5 of the Pits of Slime
 55807 | Slime:5  | Lost mutation: Your magical capacity is low. (-10% MP)
                  | [potion of mutation]
 55807 | Slime:5  | Lost mutation: You occasionally lose the ability to read
                  | scrolls when taking damage. [potion of mutation]
 55807 | Slime:5  | Gained mutation: Your muscles are strong. (Str +4, Int/Dex
                  | -1) [potion of mutation]
 55807 | Slime:5  | Gained mutation: You are resistant to electric shocks.
                  | (rElec) [potion of mutation]
 55911 | Slime:5  | Noticed the Royal Jelly
 55917 | Slime:5  | Killed the Royal Jelly
 55918 | Slime:5  | Reached XP level 26. HP: 338/338 MP: 46/50
 56115 | Slime:5  | Found the +3 greatsling "Punk" {acid, rCorr}
 56125 | Slime:5  | Got a slimy rune of Zot
 56136 | Slime:5  | Identified the +5 shortbow of Dawn {drain, rElec rN+ Dex-4}
 56162 | Slime:5  | Got the Spellbook of Creation and Fire
 56168 | Slime:5  | Identified the staff of Gyolefink {rC+ rN+ Fire Earth}
 56248 | Slime:5  | Identified the +5 spear "Ryokkyt" {flame, +Blink Fly rPois}
 56277 | Slime:5  | Reached skill level 15 in Translocations
 56946 | Zot:1    | Entered Level 1 of the Realm of Zot
 57453 | Zot:1    | Found a transporter.
 57674 | Depths:1 | Fell from the grace of Wu Jian
 57674 | Depths:1 | Became a worshipper of the Shining One
 57822 | Crypt:1  | Entered Level 1 of the Crypt
 57927 | Crypt:1  | Reached * piety under the Shining One
 57969 | Crypt:1  | Noticed Margery
 57973 | Crypt:1  | Killed Margery
 58031 | Crypt:1  | Noticed Vv
 58035 | Crypt:1  | Killed Vv
 58037 | Crypt:1  | Reached skill level 5 in Invocations
 58037 | Crypt:1  | Reached ** piety under the Shining One
 58245 | Crypt:1  | Reached *** piety under the Shining One
 58362 | Crypt:1  | Reached **** piety under the Shining One
 58776 | Crypt:2  | Reached ***** piety under the Shining One
 59036 | Crypt:2  | Reached skill level 10 in Invocations
 59328 | Crypt:3  | Entered Level 3 of the Crypt
 59342 | Crypt:3  | Reached ****** piety under the Shining One
 59513 | Crypt:3  | Noticed Jory
 59514 | Crypt:3  | Killed Jory
 59746 | Crypt:3  | Noticed a dread lich
 59749 | Crypt:3  | Killed a dread lich
 59750 | Crypt:3  | Reached XP level 27. HP: 349/349 MP: 39/50
 60106 | Crypt:3  | Identified the +6 morningstar "Enutot" {pain, rF- rN+
                  | Int+10 Stlth-}
 60132 | Crypt:3  | Found a staircase to the Tomb.
 60318 | Crypt:3  | Reached skill level 15 in Invocations
 60356 | Crypt:3  | Identified the +2 arbalest of the Endless Prophets {drain,
                  | Fly Will+}
 60386 | Crypt:3  | Identified the staff of Zackef {rN+ Will+ Necro}
 60912 | Pan      | Entered the realm of Mnoleg.
 60912 | Pan      | Entered Pandemonium
 60918 | Pan      | Noticed Mnoleg
 60921 | Pan      | Gained mutation: You are vulnerable to heat. (rF-) [a
                  | neqoxec]
 60921 | Pan      | Gained mutation: You occasionally lose the ability to read
                  | scrolls when taking damage. [a neqoxec]
 60931 | Pan      | Lost mutation: Your muscles are strong. (Str +4, Int/Dex
                  | -1) [a cacodemon]
 61201 | Pan      | Killed Mnoleg
 61317 | Pan      | Got a glowing rune of Zot
 61367 | Pan      | Lost mutation: You occasionally lose the ability to read
                  | scrolls when taking damage. [potion of mutation]
 61367 | Pan      | Lost mutation: You are robust. (+10% HP) [potion of
                  | mutation]
 61367 | Pan      | Gained mutation: You are agile. (Dex +4, Str/Int -1)
                  | [potion of mutation]
 61367 | Pan      | Gained mutation: Your movements are slightly less
                  | encumbered by armour. (ER -2) [potion of mutation]
 61368 | Pan      | Lost mutation: You are vulnerable to heat. (rF-) [potion of
                  | mutation]
 61368 | Pan      | Lost mutation: Your spells are a little harder to cast, but
                  | a little more powerful. [potion of mutation]
 61368 | Pan      | Gained mutation: You possess an exceptional clarity of
                  | mind. [potion of mutation]
 61368 | Pan      | Gained mutation: You have a pair of large horns on your
                  | head. [potion of mutation]
 61368 | Pan      | Gained mutation: You expend magic power (3 MP) to
                  | strengthen your wands. [potion of mutation]
 61369 | Pan      | Lost mutation: Your movements are slightly less encumbered
                  | by armour. (ER -2) [potion of mutation]
 61369 | Pan      | Lost mutation: You are resistant to electric shocks.
                  | (rElec) [potion of mutation]
 61369 | Pan      | Gained mutation: Your flesh is cold resistant. (rC+)
                  | [potion of mutation]
 61369 | Pan      | Gained mutation: Your flesh is heat resistant. (rF+)
                  | [potion of mutation]
 61369 | Pan      | Gained mutation: You are weak. (Str -2) [potion of
                  | mutation]
 61369 | Pan      | Lost mutation: You are weak. (Str -2) [potion of mutation]
 61628 | Pan      | Found a transporter.
 61653 | Pan      | Was forgiven by Wu Jian
 61744 | Pan      | Found an exit through the horrors of the Abyss.
 61825 | Pan      | Found a transporter.
 61908 | Pan      | Found an exit through the horrors of the Abyss.
 61921 | Pan      | Identified the +2 sling "Sab Sump" {drain, rF+ rCorr}
 61947 | Pan      | Noticed Wonaec the pandemonium lord
 61950 | Pan      | Killed Wonaec the pandemonium lord
 61950 | Pan      | Gained mutation: Armour fits poorly on your strangely
                  | shaped body. [a neqoxec]
 62044 | Pan      | Entered the realm of Lom Lobon.
 62044 | Pan      | Found an exit through the horrors of the Abyss.
 62214 | Pan      | Identified the +3 long sword of the Unkillable {chaos,
                  | Int+5 Stlth+}
 62469 | Pan      | Noticed Lom Lobon
 62475 | Pan      | Killed Lom Lobon
 62538 | Pan      | Got a magical rune of Zot
 62654 | Pan      | Noticed Icleima the pandemonium lord
 62655 | Pan      | Killed Icleima the pandemonium lord
 62856 | Pan      | Found a runed translucent door.
 62907 | Pan      | Got a demonic rune of Zot
 62922 | Pan      | Found a transporter.
 62947 | Pan      | Gained mutation: You are weak. (Str -2) [a cacodemon]
 62947 | Pan      | Gained mutation: You are very weak. (Str -4) [a cacodemon]
 63134 | Pan      | Noticed Wingo the pandemonium lord
 63139 | Pan      | Killed Wingo the pandemonium lord
 63261 | Pan      | Found an exit through the horrors of the Abyss.
 63278 | Pan      | Noticed Toutebro the pandemonium lord
 63279 | Pan      | Killed Toutebro the pandemonium lord
 63509 | Pan      | Entered the realm of Gloorx Vloq.
 63522 | Pan      | Noticed Gloorx Vloq
 63668 | Pan      | Reached skill level 5 in Dodging
 63733 | Pan      | Killed Gloorx Vloq
 63811 | Pan      | Got a dark rune of Zot
 63958 | Pan      | Entered the realm of Cerebov.
 63982 | Pan      | Identified the +10 shortbow of Qazlal's Felicitations
                  | {speed, MP+9 Int+2}
 64015 | Pan      | Identified the +1 trident of Uncertain Death {venom, rN+}
 64183 | Pan      | Found the +6 sword of Cerebov {flame}
 64183 | Pan      | Noticed Cerebov
 64659 | Pan      | Killed Cerebov
 64671 | Pan      | Identified the ring "Vuplun" {rPois rN+ Str+3}
 64699 | Pan      | Got a fiery rune of Zot
 64796 | Depths:1 | Escaped Pandemonium
 64873 | Depths:1 | Voluntarily entered the Abyss.
 64956 | Abyss:2  | Found a corrupted altar of Lugonu.
 64972 | Abyss:3  | Found a corrupted altar of Lugonu.
 65089 | Abyss:3  | Got an abyssal rune of Zot
 65108 | Depths:1 | Escaped the Abyss
 65156 | Depths:1 | Lost mutation: Armour fits poorly on your strangely shaped
                  | body. [potion of mutation]
 65156 | Depths:1 | Lost mutation: Your flesh is cold resistant. (rC+) [potion
                  | of mutation]
 65156 | Depths:1 | Lost mutation: You have a pair of large horns on your head.
                  | [potion of mutation]
 65156 | Depths:1 | Lost mutation: You are very weak. (Str -4) [potion of
                  | mutation]
 65156 | Depths:1 | Gained mutation: You have large cloven feet. [potion of
                  | mutation]
 65229 | Hell     | Entered the Vestibule of Hell
 65231 | Hell     | Noticed Geryon
 65237 | Hell     | Killed Geryon
 65237 | Hell     | Noticed Murray
 65246 | Depths:1 | Killed Murray
 65316 | Hell     | Reached skill level 10 in Dodging
 65368 | Hell     | Found a gateway to the Iron City of Dis.
 65511 | Hell     | Found a gateway to the freezing wastes of Cocytus.
 65627 | Hell     | Found a gateway to the ashen valley of Gehenna.
 65660 | Hell     | Found a gateway to the decaying netherworld of Tartarus.
 65800 | Tar:1    | Entered Level 1 of Tartarus
 66418 | Tar:6    | Noticed an ancient lich
 66419 | Tar:6    | Killed an ancient lich
 66633 | Tar:7    | Entered Level 7 of Tartarus
 66634 | Tar:7    | Noticed an ancient lich
 66636 | Tar:7    | Killed an ancient lich
 66725 | Tar:7    | Noticed an ancient lich
 66727 | Tar:7    | Killed an ancient lich
 66903 | Tar:7    | Noticed Ereshkigal
 66906 | Tar:7    | Killed Ereshkigal
 66935 | Tar:7    | Got a bone rune of Zot
 67034 | Tar:7    | Noticed a dread lich
 67036 | Tar:7    | Killed a dread lich
 67104 | Coc:1    | Entered Level 1 of Cocytus
 67106 | Coc:1    | Paralysed by a wendigo for 1 turns
 67500 | Coc:5    | Reached skill level 15 in Dodging
 67782 | Coc:7    | Entered Level 7 of Cocytus
 68260 | Coc:7    | Noticed an ancient lich
 68261 | Coc:7    | Killed an ancient lich
 68265 | Coc:7    | Noticed Antaeus
 68275 | Coc:7    | Killed Antaeus
 68368 | Coc:7    | Identified the +1 cloak of Responsibility {Str+3}
 68376 | Coc:7    | Got an icy rune of Zot
 68501 | Geh:1    | Entered Level 1 of Gehenna
 68920 | Geh:3    | Noticed a juggernaut
 68921 | Geh:3    | Killed a juggernaut
 68926 | Geh:3    | Noticed a juggernaut
 68927 | Geh:3    | Noticed a juggernaut
 68928 | Geh:3    | Killed a juggernaut
 68933 | Geh:3    | Killed a juggernaut
 68939 | Geh:3    | Noticed a juggernaut
 68956 | Geh:3    | Killed a juggernaut
 68970 | Geh:3    | Noticed a juggernaut
 68975 | Geh:3    | Noticed a juggernaut
 68978 | Geh:3    | Killed a juggernaut
 68985 | Geh:3    | Noticed a juggernaut
 68986 | Geh:3    | Killed a juggernaut
 69010 | Geh:3    | Killed a juggernaut
 69011 | Geh:3    | Noticed a juggernaut
 69012 | Geh:3    | Killed a juggernaut
 69023 | Geh:3    | Noticed a juggernaut
 69024 | Geh:3    | Killed a juggernaut
 69047 | Geh:3    | Noticed a juggernaut
 69049 | Geh:3    | Killed a juggernaut
 69097 | Geh:3    | Noticed a juggernaut
 69098 | Geh:3    | Killed a juggernaut
 69671 | Geh:7    | Entered Level 7 of Gehenna
 69760 | Geh:7    | Noticed the Serpent of Hell
 69761 | Geh:7    | Killed the Serpent of Hell
 69894 | Geh:7    | Found the +13 sceptre of Asmodeus
 69894 | Geh:7    | Noticed Asmodeus
 69896 | Geh:7    | Killed Asmodeus
 69913 | Geh:7    | Got an obsidian rune of Zot
 70324 | Snake:4  | Bought a potion of magic for 104 gold pieces
 70701 | Tomb:1   | Entered Level 1 of the Tomb of the Ancients
 70745 | Tomb:1   | Noticed Mennas
 70749 | Tomb:1   | Killed Mennas
 71801 | Tomb:2   | Noticed a royal mummy
 71802 | Tomb:2   | Noticed a royal mummy
 71802 | Tomb:2   | Noticed a royal mummy
 71805 | Tomb:2   | Noticed a royal mummy
 71806 | Tomb:2   | Killed a royal mummy
 71806 | Tomb:2   | Killed a royal mummy
 71807 | Tomb:2   | Killed a royal mummy
 71810 | Tomb:2   | Killed a royal mummy
 72335 | Tomb:3   | Entered Level 3 of the Tomb of the Ancients
 72339 | Tomb:3   | Noticed a royal mummy
 72339 | Tomb:3   | Noticed a royal mummy
 72342 | Tomb:3   | Noticed a royal mummy
 72342 | Tomb:3   | Noticed a royal mummy
 72343 | Tomb:3   | Killed a royal mummy
 72343 | Tomb:3   | Killed a royal mummy
 72347 | Tomb:3   | Noticed a royal mummy
 72347 | Tomb:3   | Killed a royal mummy
 72348 | Tomb:3   | Killed a royal mummy
 72349 | Tomb:3   | Killed a royal mummy
 72354 | Tomb:3   | Noticed a royal mummy
 72357 | Tomb:3   | Killed a royal mummy
 72370 | Tomb:3   | Noticed a royal mummy
 72375 | Tomb:3   | Killed a royal mummy
 72375 | Tomb:3   | Noticed a royal mummy
 72381 | Tomb:3   | Killed a royal mummy
 72416 | Tomb:3   | Got a golden rune of Zot
 72764 | Tomb:3   | Found the +7 hand cannon "Mule" {flame, backblast, rF+}
 72780 | Tomb:3   | Found the +5 Storm Queen's Shield {shock, Fly rElec}
 72781 | Tomb:3   | Got the Spellbook of Distance
 72788 | Tomb:3   | Identified the ring of the Everdark {rPois Int+3}
 72828 | Tomb:3   | Identified the +10 shortbow of the Powerful God {heavy, Fly
                  | Will+++ MP-9 Str+5}
 72831 | Tomb:3   | Identified the staff of Sin {rPois Int+3 Tloc Alchemy}
 72832 | Tomb:3   | Identified the staff "Cimiozas" {*Corrode rElec Dex+6 Air}
 72837 | Tomb:3   | Identified the ring of Gozag's Respect {rElec rN+ Will+}
 72838 | Tomb:3   | Identified the +3 morningstar "Xorr" {flame, *Rage Str+3
                  | Int+2}
 72858 | Tomb:3   | Identified the +0 chain mail of Polytheism {rF+ rCorr
                  | Str+3}
 73540 | Dis:1    | Entered Level 1 of the Iron City of Dis
 74082 | Dis:5    | Reached skill level 27 in Invocations
 74151 | Dis:6    | Reached skill level 27 in Maces & Flails
 74242 | Dis:7    | Entered Level 7 of the Iron City of Dis
 74346 | Dis:7    | Reached skill level 27 in Fighting
 74700 | Dis:7    | Noticed an ancient lich
 74703 | Dis:7    | Killed an ancient lich
 74986 | Dis:7    | Noticed Dispater
 74987 | Dis:7    | Noticed a juggernaut
 74988 | Dis:7    | Killed a juggernaut
 74988 | Dis:7    | Killed Dispater
 74997 | Dis:7    | Got the Elucidation of the Freezing Summer
 74999 | Dis:7    | Got an iron rune of Zot
 75541 | Zot:2    | Noticed an orb of fire
 75543 | Zot:2    | Killed an orb of fire
 75618 | Zot:2    | Noticed an orb of fire
 75624 | Zot:2    | Killed an orb of fire
 75842 | Zot:5    | Entered Level 5 of the Realm of Zot
 76052 | Zot:5    | Found a transporter.
 76075 | Zot:5    | Found a transporter.
 76133 | Zot:5    | Found a transporter.
 76166 | Zot:5    | Found a transporter.
 76319 | Zot:5    | Noticed an ancient lich
 76320 | Zot:5    | Killed an ancient lich
 76337 | Zot:5    | Noticed an orb of fire
 76338 | Zot:5    | Noticed an ancient lich
 76339 | Zot:5    | Killed an orb of fire
 76339 | Zot:5    | Killed an ancient lich
 76339 | Zot:5    | Noticed an orb of fire
 76340 | Zot:5    | Noticed a dread lich
 76341 | Zot:5    | Killed a dread lich
 76341 | Zot:5    | Killed an orb of fire
 76344 | Zot:5    | Noticed an orb of fire
 76344 | Zot:5    | Paralysed by a Zot trap for 2 turns
 76346 | Zot:5    | Gained mutation: Your magical capacity is low. (-10% MP)
                  | [an orb of fire]
 76346 | Zot:5    | Gained mutation: You occasionally lose the ability to read
                  | scrolls when taking damage. [an orb of fire]
 76348 | Zot:5    | Killed an orb of fire
 76467 | Zot:5    | Noticed an orb of fire
 76469 | Zot:5    | Killed an orb of fire
 76567 | Zot:5    | Got the Orb of Zot
 76761 | Zot:1    | Noticed Uzyt the pandemonium lord
 76775 | Depths:4 | Noticed Biageadd the pandemonium lord
 76776 | Depths:4 | Killed Biageadd the pandemonium lord
 76796 | Depths:4 | Noticed a seraph
 76810 | Depths:3 | Noticed Ixkegh the pandemonium lord
 76812 | Depths:3 | Killed Ixkegh the pandemonium lord
 76978 | D:10     | Noticed Zuoschutu the pandemonium lord
 76978 | D:10     | Killed Zuoschutu the pandemonium lord
 77087 | D:5      | Noticed a seraph
 77087 | D:5      | Identified the +3 buckler of the Ageless Ships {*Slow
                  | +Blink Regen+ Dex+4}
 77130 | Temple   | Fell from the grace of the Shining One
 77130 | Temple   | Became a worshipper of Qazlal Stormbringer
 77155 | Temple   | Noticed Iguuse the pandemonium lord
 77157 | Temple   | Killed Iguuse the pandemonium lord
 77288 | D:$      | Escaped with the Orb!

Illustrated notes

Levels and vault maps discovered:
D:1:      nzn_arrival_depleted_hourglass, layout_rooms
D:2:      layout_basic, minmay_domino_4
D:3:      layout_basic, lemuel_round_altar, minitemple,
          ebering_ecumenical_altar_petrified
D:4:      layout_cave_pools, mainiacjoe_overflow_swirl,
          lemuel_coloured_pillars_altar, temple_green
D:5:      layout_basic, kennysheep_donut, uniq_grinder
D:6:      layout_rooms, kennysheep_little_box, minmay_misc_feat_tower
D:7:      layout_loops_corners, serial_glass, glass_columns_a, glass_columns_a,
          minivault_5, minmay_misc_feat_encased, nrook_mini_backslash,
          kennysheep_generic_room_8
D:8:      layout_cave_pools, tso_metal_star, minmay_manual_mail
D:9:      layout_basic, minmay_orc_entry_guard_dogs, grunt_ministairs_10,
          introduction_to_nature_1
D:10:     layout_cave_pools, lightli_temple_of_fire,
          mainiacjoe_overflow_24_doors, enter_bailey_3
D:11:     layout_cave_pods, david_lair_generic, uniq_psyche, uniq_maurice,
          uniq_snorg, uniq_josephine
D:12:     layout_roguey
D:13:     layout_grid_maze, enter_trove_3, uniq_jorgrun, uniq_erolcha,
          uniq_sonja
D:14:     layout_cave_pools, david_vaults_5, minmay_misc_feat_plants,
          nicolae_ashenzari_skybound
D:15:     grunt_enter_depths_snipers, layout_long_grid, uniq_roxanne, uniq_agnes
Temple:   minmay_temple_curvy_loop
Lair:1:   layout_chaotic_city, nicolae_volcano_entry_s_turn, basic_altar,
          grunt_megastairs_5
Lair:2:   layout_cave_pods, elwin_shoals_entry_stream,
          nicolae_snake_entry_warm_welcome, grunt_forest_large_clearings
Lair:3:   layout_regular_city, gauntlet_entry_generic
Lair:4:   onia_ninara_swampy_vault, layout_hall_layers, gammafunk_ghost_grave,
          grunt_megastairs_1
Lair:5:   due_jungle_book, layout_regular_city, minmay_slime_entry_pillars,
          grunt_megastairs_3, serial_bayou_shore_b
Shoals:1: cheibrodos_shoals_baths, layout_shoals, nicolae_shoals_land_atoll,
          uniq_kirke
Shoals:2: cheibrodos_shoals_satyrical_garden, layout_shoals, uniq_ilsuiw
Shoals:3: layout_shoals, serial_shops, shop, shop, nicolae_shop_window_shopping,
          nicolae_shop_pleasant_corner_grove, shop, ebering_ghost_xom,
          wheals_shoals_ruined_temple
Shoals:4: shoals_end_hellmonk_storm_palace [storm_palace_center_square,
          storm_palace_corner_blocked, storm_palace_corner_grid,
          storm_palace_corner_narrow, storm_palace_corner_altar], serial_shops
Snake:1:  layout_rooms, portal_ice_cave_entry_dragon
Snake:2:  layout_honeycomb, serial_bayou_lagoon_a, hangedman_venom_bottle
Snake:3:  layout_misc_corridors, serial_shops, nicolae_shop_tiny_glass,
          nicolae_shop_temple_entry_statues_fountains,
          nicolae_shop_hallway_stairs, shop, nicolae_stop_n_shop_1,
          lemuel_oklob_altar
Snake:4:  snake_pit_salamanders_mu, layout_cave_town, minmay_shoptagon,
          grunt_megastairs_4
Slime:1:  layout_caves, cheibrodos_slime_lost_civilization_5
Slime:2:  cheibrodos_slime_lost_civilization_10, layout_caves,
          nicolae_slime_round_cave
Slime:3:  layout_caves, basic_altar
Slime:4:  layout_caves
Slime:5:  slime_pit_nicolae_block_by_block
Orc:1:    layout_diamond_mine, bh_open_orc_temple, uniq_erica
Orc:2:    st_orc_rangers, layout_caves
Elf:1:    minmay_elf_arrival_circle, layout_rooms, serial_shops, shop,
          minivault_28
Elf:2:    elven_hall_of_blades_hangedman_alternative
          [nicolae_blade_little_rooms], layout_onion_city
Elf:3:    minmay_elf_hall_circle, layout_onion_city, elf_orc_summit_meeting
Vaults:1: nicolae_vaults_stepped_doors, nicolae_vaults_layer_cake_slice,
          nicolae_vaults_inception_corners, nicolae_vaults_circle_grid_b,
          nicolae_vaults_little_squares_2, nicolae_vaults_little_squares_1,
          nicolae_vaults_offset_grid_hallway_2, nicolae_vaults_six-pack,
          ontoclasm_vaults_twist, nicolae_vaults_closet_pinwheel_2,
          nicolae_vaults_wine_cellar, hangedman_vaults_maws,
          nicolae_vaults_trapezoid_1, ontoclasm_vaults_idyll,
          ontoclasm_vaults_ring_large, layout_vaults_maze
Vaults:2: nicolae_vaults_little_squares_2, minmay_crypt_entry_necro_gods,
          hangedman_vaults_corner_blocks, nicolae_vaults_more_shelving_1,
          nicolae_vaults_tetromino_L_1, v_pattern_1,
          nicolae_vaults_twisting_passages, ontoclasm_vaults_fault,
          vaults_dpeg_emergency_exit, nicolae_vaults_bisected_exclaves,
          nicolae_vaults_display_case, nicolae_vaults_trapezoid_lopsided_1,
          v_misc_12, hangedman_vaults_slice, layout_vaults_ring, serial_glass,
          uniq_aizul, uniq_donald
Vaults:3: v_misc_12, dpeg_vaults_monster_box, v_pattern_3,
          hangedman_vaults_stretched_pinwheel, nicolae_vaults_two_Ls,
          nicolae_vaults_trapezoid_1, nicolae_vaults_surprise_closet_hard,
          nicolae_vaults_mini_display_case, nicolae_vaults_house_1,
          layout_vaults_quadrants
Vaults:4: ebering_ghost_rock_garden, nicolae_vaults_specimen_jars,
          nicolae_vaults_little_squares_4, vaults_room_semicircle,
          nicolae_vaults_door_testing_chamber, nicolae_vaults_six-pack,
          vaults_dpeg_hooks, vaults_room_pools, layout_vaults_big_room,
          serial_shops, nicolae_shop_statue_plus, uniq_zenata
Vaults:5: serial_shops
Crypt:1:  layout_gridlike, grunt_crypt_arrival_webbed, uniq_vv, uniq_margery
Crypt:2:  layout_misc_corridors, lemuel_elevator
Crypt:3:  due_elkab, layout_chaotic_city, nicolae_crypt_lounge_for_the_living
Tomb:1:   uniq_mennas
Tomb:2
Tomb:3
Depths:1: minmay_the_grid_square_5x5_5x5_mashed
          [minmay_the_grid_square_5x5_inverted_slash,
          minmay_the_grid_square_5x5_hollow_slash,
          minmay_the_grid_square_5x5_pentomino_r,
          minmay_the_grid_square_5x5_inner_i,
          minmay_the_grid_square_5x5_inner_v, minmay_the_grid_square_5x5_three,
          minmay_the_grid_square_5x5_prize_waves,
          minmay_the_grid_square_5x5_misaligned,
          minmay_the_grid_square_5x5_prize_deathbox,
          minmay_the_grid_square_5x5_beaten_path,
          minmay_the_grid_square_5x5_spiral, minmay_the_grid_square_5x5_percent,
          minmay_the_grid_square_5x5_prize_open,
          minmay_the_grid_square_5x5_n_small,
          minmay_the_grid_square_5x5_hourglass, minmay_the_grid_square_5x5_six,
          minmay_the_grid_square_5x5_prize_monsterx,
          minmay_the_grid_square_5x5_three_walls,
          minmay_the_grid_square_5x5_prize_junk, minmay_the_grid_square_5x5_z,
          minmay_the_grid_square_5x5_v, minmay_the_grid_square_5x5_spiral_small,
          minmay_the_grid_square_5x5_gyroscope,
          minmay_the_grid_square_5x5_bracketed,
          minmay_the_grid_square_5x5_lines], layout_small_grid, pan_entry,
          good_gods_mini_temple, hell_entry, abyss_entry_flame_altar,
          hangedman_decor_opposing, amcnicky_mini_rare_corridor_liquid
Depths:2: kennysheep_treasure_stockpile, layout_gridlike, enter_ziggurat_c,
          serial_shops, nicolae_shop_drivethru, shop, nicolae_shop_gaudy_bauble,
          nicolae_shop_competitors_out_of_business, shop_statue, pf_coc_iceberg,
          basic_altar, grunt_pan_entry_spiral
Depths:3: spriggan_forest, hell_entry, abyss_entry, pan_entry, uniq_jory,
          uniq_mara
Depths:4: grunt_zot_entry_gee_three, layout_basic, serial_curves,
          eino_curves_02, eino_curves_02, serial_bayou_ford_a, lightli_too_deep,
          serial_bayou_shore_b
Hell
Dis:1:    layout_regular_city
Dis:2:    layout_jigsaw
Dis:3:    layout_subdivisions
Dis:4:    nicolae_dis_pentagon_1, layout_gridville
Dis:5:    layout_subdivisions
Dis:6:    layout_gridville
Dis:7:    dis_st
Geh:1:    layout_gehenna_pools_box
Geh:2:    nicolae_geh_realm_of_the_lava_sea
Geh:3:    nicolae_hells_titanomachy
Geh:4:    layout_gehenna_pools_basic, lemuel_hellion_isle
Geh:5:    layout_gehenna_pools_box, nicolae_geh_lava_lounge
Geh:6:    layout_gehenna_lava_caves
Geh:7:    geh_grunt_pentagon
Coc:1:    layout_cocytus_water_paths
Coc:2:    layout_cocytus_delve
Coc:3:    layout_ice_bergs
Coc:4:    layout_cocytus_water_paths
Coc:5:    layout_cocytus_delve
Coc:6:    layout_cocytus_water_paths
Coc:7:    coc_hangedman
Tar:1:    minmay_shadows, layout_grid_maze
Tar:2:    layout_catacombs
Tar:3:    layout_grid_maze
Tar:4:    layout_grid_maze, nicolae_tar_honey_rotating
Tar:5:    layout_honeycomb, nicolae_tar_cuneiform_bread, nicolae_tar_windowcombs
Tar:6:    layout_honeycomb
Tar:7:    tar_old
Zot:1:    layout_onion_interference, nzn_ghost_randoct,
          regret_index_zotdec_misc_clamp, regret_index_zotdec_zees
Zot:2:    grunt_deathspiral_small, layout_concentric_octagons,
          skrybe_zot_glass_1, zot_minivault_3
Zot:3:    layout_twisted_circle, uniq_grunn
Zot:4:    layout_gridville, regret_index_zotdec_ex, grunt_ministairs_2
Zot:5:    layout_misc_corridors, st_stairs_1, bh_zot_levy_curve,
          nicolae_transporter_intersection

Skill      XL: |  1  2  3  4  5  6  7  8  9 10 11 12 13 14 15 16 17 18 19 20 21 22 23 24 25 26 27 |
---------------+----------------------------------------------------------------------------------+-----
Fighting       | 3 4 5 7 8 12 13 14 16 18 19 21 22 25 26 27 | 27.0
Throwing       | 4 5 6 8 10 12 13 | 13.5
Maces & Flails | 5 8 9 10 11 14 15 16 19 20 21 24 26 27 | 27.0
Evocations     | 1 3 4 6 |  6.0
Dodging        | 1 3 4 26 | 26.4
Shapeshifting  | 12 16 25 | 25.0
Spellcasting   | 4 12 14 20 23 | 23.0
Translocations | 2 9 13 14 16 20 | 20.0
Invocations    | 13 27 | 27.0
Short Blades   | |  1.7
Stealth        | |  2.9

Action                     |  1- 3 |  4- 6 |  7- 9 | 10-12 | 13-15 | 16-18 | 19-21 | 22-24 | 25-27 || total
---------------------------+-------+-------+-------+-------+-------+-------+-------+-------+-------++-------
  Melee: Dagger            |    87 |   141 |   148 |       |       |       |       |       |       ||   376
         Headbutt          |     9 |    25 |    45 |   121 |   257 |   179 |    76 |    48 |    39 ||   799
         Punch             |       |     3 |       |       |       |       |       |       |       ||     3
         Giant club        |       |       |   150 |   651 |   796 |       |       |       |       ||  1597
         Giant spiked club |       |       |       |       |   416 |  1066 |  1213 |   694 |       ||  3389
         Maul              |       |       |       |       |       |       |       |   316 |  2643 ||  2959
         Kick              |       |       |       |       |       |       |       |       |    17 ||    17
  Throw: Dart              |       |     3 |     5 |    13 |     1 |       |       |       |       ||    22
         Boomerang         |       |       |       |     2 |    44 |    31 |       |       |       ||    77
   Cast: Manifold Assault  |       |       |       |       |       |    59 |   467 |   500 |  1584 ||  2610
         Blink             |       |       |       |       |       |       |       |     1 |       ||     1
         Dispersal         |       |       |       |       |       |       |       |     2 |    11 ||    13
 Invoke: Serpent's Lash    |       |       |       |     8 |    13 |    16 |     3 |     2 |     1 ||    43
         Heavenly Storm    |       |       |       |       |       |       |       |     1 |       ||     1
         Cleansing Flame   |       |       |       |       |       |       |       |       |   106 ||   106
         Divine Shield     |       |       |       |       |       |       |       |       |    43 ||    43
         Summon Divine War |       |       |       |       |       |       |       |       |    12 ||    12
Ability: Lunge             |       |     3 |    20 |    36 |   107 |   134 |    54 |     7 |     5 ||   366
         Whirlwind         |       |       |    16 |    83 |   285 |   337 |   137 |    19 |       ||   877
  Evoke: Wand              |       |       |       |    15 |     3 |     5 |     1 |       |     3 ||    27
         Sack of spiders   |       |       |       |       |       |     1 |       |       |       ||     1
         Phial of floods   |       |       |       |       |       |       |     1 |       |     1 ||     2
    Use: Scroll            |       |       |     9 |     7 |    13 |    17 |     8 |     6 |    34 ||    94
         Potion            |       |       |     1 |     7 |     2 |     7 |       |     2 |    36 ||    55
   Stab: Sleeping          |    10 |     4 |     6 |     1 |     2 |     7 |     3 |       |       ||    33
         Distracted        |       |       |       |     1 |       |       |       |       |       ||     1
 Armour: Robe              |    48 |    82 |   196 |   178 |       |       |       |       |       ||   504
         Steam dragon scal |       |       |       |   406 |       |       |       |       |       ||   406
         Troll leather arm |       |       |       |    87 |  1174 |   228 |       |       |       ||  1489
         Ice dragon scales |       |       |       |       |       |    69 |       |       |       ||    69
         Skin              |       |       |       |       |       |  1114 |   775 |   589 |  1491 ||  3969
  Dodge: Dodged            |    31 |    53 |   103 |   256 |   632 |   549 |   279 |   221 |   668 ||  2792
  Block: Other             |       |       |       |    88 |   112 |       |       |       |   117 ||   317
         Reflection        |       |       |       |    12 |    24 |       |       |       |       ||    36
   Form: Statue            |       |       |       |       |       |     1 |     1 |       |       ||     2
                           |       |       |       |       |       |       |     1 |       |       ||     1
